 Dungeon Crawl Stone Soup version 0.27-a0-1202-ge72e49191c (webtiles) character file.

Game seed: 18353706968758277979

70315 sanka the Cleaver (level 14, -9/110 HPs)
             Began as a Mummy Wanderer on June 2, 2021.
             Was a High Priest of Okawaru.
             Mangled by Rupert
             ... wielding a +2 triple sword of holy wrath
              (12 damage)
             ... on level 12 of the Dungeon.
             The game lasted 01:02:15 (28311 turns).

sanka the Cleaver (Mummy Wanderer)                 Turns: 28311, Time: 01:02:16

Health: -9/110     AC: 36    Str: 17    XL:     14   Next: 93%
Magic:  16/21      EV:  7    Int:  9    God:    Okawaru [*****.]
Gold:   1667       SH:  0    Dex: 17    Spells: 13/13 levels left

rFire    . . .     SeeInvis +   a - +9 battleaxe (spect)
rCold    + + .     Faith    +   (shield currently unavailable)
rNeg     + + +     Spirit   .   g - +1 crystal plate armour
rPois    ∞         Reflect  .   e - +2 helmet
rElec    .         Harm     .   G - +1 cloak {Will+}
rCorr    +         Rampage  .   y - +0 pair of gloves of Buurheff {+Inv Int-3 SInv}
Will     ++...                  C - +3 pair of boots of the Hunter {rF+ Dex+3}
Stlth    ..........             l - amulet of faith
HPRegen  0.28/turn              H - ring of protection from cold
MPRegen  0.17/turn              j - ring of resist corrosion

@: about to teleport, heroic, finesse-ful
A: cold resistance 1, negative energy resistance 3, torment resistance 2, heat
vulnerability 1, in touch with death 1, no potions
a: Renounce Religion, Evoke Invisibility, Heroism, Finesse


You were on level 12 of the Dungeon.
You worshipped Okawaru.
Okawaru was extremely pleased with you.
You visited 3 branches of the dungeon, and saw 19 of its levels.
You also visited: Ossuary and Bailey.

You collected 1667 gold pieces.


Innate Abilities, Weirdness & Mutations

You are immune to poison.
Your flesh is cold resistant. (rC+)
You are immune to negative energy. (rN+++)
You are immune to unholy pain and torment.
You are vulnerable to heat. (rF-)
You are in touch with the powers of death.
You do not drink.


   Skills:
 - Level 10.0(15.0) Fighting
 * Level 14.0(19.0) Axes
 - Level 1.5(14.5) Polearms
 + Level 9.0(14.0) Armour
 - Level 6.0(11.0) Dodging
 - Level 1.0(6.0) Stealth
 - Level 1.0(6.0) Shields
 + Level 9.4 Invocations
 - Level 8.0 Evocations


You had 13 spell levels left.
You didn't know any spells.
Your spell library contained the following spells:

 Spells                   Type           Power      Damage    Failure   Level
 Animate Skeleton         Necr           0%         N/A       100%        1
 Apportation              Tloc           0%         N/A       100%        1
 Corona                   Hex            0%         N/A       100%        1
 Magic Dart               Conj           0%         1d3       100%        1
 Pain                     Necr           0%         1d4       100%        1
 Shock                    Conj/Air       0%         1d3       100%        1
 Summon Small Mammal      Summ           0%         N/A       100%        1
 Blink                    Tloc           N/A        N/A       100%        2
 Call Imp                 Summ           0%         N/A       100%        2
 Corpse Rot               Necr/Air       N/A        N/A       100%        2
 Ensorcelled Hibernation  Hex/Ice        0%         N/A       100%        2
 Searing Ray              Conj           0%         3d3       100%        2
 Slow                     Hex            0%         N/A       100%        2
 Static Discharge         Conj/Air       0%         N/A       100%        2
 Conjure Flame            Conj/Fire      0%         6-21      100%        3
 Dazzling Flash           Conj/Hex       0%         N/A       100%        3
 Mephitic Cloud           Conj/Pois/Air  0%         N/A       100%        3
 Swiftness                Air            0%         N/A       100%        3
 Airstrike                Air            0%         N/A       100%        4
 Cause Fear               Hex            0%         N/A       100%        4
 Fulminant Prism          Conj/Hex       0%         3d6       100%        4
 Iskenderun's Mystic Bla  Conj/Tloc      0%         2d3       100%        4
 Summon Lightning Spire   Summ/Air       0%         N/A       100%        4
 Borgnjor's Vile Clutch   Necr/Erth      0%         N/A       100%        5
 Lightning Bolt           Conj/Air       0%         1d11      100%        5
 Silence                  Hex/Air        0%         N/A       100%        5
 Summon Forest            Summ/Tloc      0%         N/A       100%        5
 Summon Mana Viper        Hex/Summ       0%         N/A       100%        5
 Yara's Violent Unravell  Hex/Tmut       0%         3d3       100%        5
 Conjure Ball Lightning   Conj/Air       0%         3x3d6     100%        6
 Shadow Creatures         Summ           N/A        N/A       100%        6
 Summon Hydra             Summ           0%         N/A       100%        7
 Discord                  Hex            0%         N/A       100%        8
 Tornado                  Air            0%         N/A       100%        9

Inventory:

Hand Weapons
 a - a +9 spectral battleaxe (weapon)
 b - a +0 dire flail
 w - the +8 Wrath of Trog {antimagic, *Rage}

   It reduces the magical energy of the wielder, and disrupts the spells and
   magical abilities of those hit.
   Natural abilities and divine invocations are not affected.
   It may make you go berserk in combat.
Missiles
 n - 14 curare-tipped darts (quivered) {=f}
Armour
 e - a +2 helmet (worn)
 f - a +0 pair of gloves
 g - a +1 crystal plate armour (worn)
 i - the +1 leather armour of Dyspraxia {rPois rF+ rCorr Int+3}

   It affects your intelligence (+3).
   It protects you from fire.
   It protects you from poison.
   It protects you from acid and corrosion.
 y - the +0 pair of gloves of Buurheff (worn) {+Inv Int-3 SInv}

   It affects your intelligence (-3).
   It lets you see invisible.
   It lets you turn invisible.
 C - the +3 pair of boots of the Hunter (worn) {rF+ Dex+3}

   It affects your dexterity (+3).
   It protects you from fire.
 G - a +1 cloak of willpower (worn)
 K - a +2 cloak of preservation
Jewellery
 j - a ring of resist corrosion (right hand)
 l - an amulet of faith (around neck)
 v - an amulet of guardian spirit
 H - a ring of protection from cold (left hand)
 L - a ring of fire
Wands
 t - a wand of flame (8)
 u - a wand of iceblast (11)
 x - a wand of polymorph (47)
 z - a wand of paralysis (30)
 A - a wand of charming (7)
Scrolls
 d - a scroll of acquirement
 h - 5 scrolls of magic mapping
 k - 13 scrolls of identify {@r1}
 m - 2 scrolls of enchant armour
 o - a scroll of amnesia
 p - 4 scrolls of summoning
 q - 5 scrolls of fear
 r - 2 scrolls of silence {!r}
 s - 3 scrolls of fog
 E - 7 scrolls of teleportation {@r4}
 F - 4 scrolls of immolation {!r}
 I - a scroll of blinking
Miscellaneous
 c - a condenser vane
 B - a piece from Xom's chessboard (15/15)
 D - a tin of tremorstones (2/2)
 J - a phial of floods

Dungeon Overview and Level Annotations

Branches:
Dungeon (12/15)            Temple (1/1) D:5            Lair (6/6) D:11
  Swamp (0/4) Lair:2       Spider (0/4) Lair:3        Slime (0/5) Lair:5
    Orc (0/2) D:12        Ossuary (visited)          Bailey (visited)

Altars:
Ashenzari
Cheibriados
Dithmenos
Elyvilon
Fedhas
Gozag
Hepliaklqana
Kikubaaqudgha
Makhleb
Nemelex Xobeh
Okawaru
Qazlal
Ru
Sif Muna
Trog
Uskayaw
Vehumet
Wu Jian
Xom
Yredelemnul
Zin
The Shining One
Jiyva

Shops:
D:4 !

Annotations:
D:12 Rupert

▒.▒...▒.▒▒[▒▒▒▒▒.▒▒ ▒.▒
▒.▒... ▒.▒▒▒▒▒.▒▒<▒ ▒.▒
▒.▒▒▒▒.▒.▒. ▒[▒
▒.▒▒.▒▒▒▒▒.▒▒▒▒▒▒..........
▒.▒
▒.▒........().....▒▒▒▒.▒.▒.
▒.▒▒▒▒▒....▒▒▒▒▒.▒▒▒▒▒▒▒▒
▒.▒.▒. ▒.........▒▒ ▒.▒
▒.▒..> ..▒▒▒▒▒▒..▒ ▒(▒
▒.▒▒▒▒ ▒.▒ ▒..▒ ▒@▒ ▒.▒ ▒
▒.▒ ▒..▒ ▒M▒▒▒▒▒▒▒▒▒▒▒.▒ ▒
▒.▒▒▒▒▒▒..▒ ▒.............▒
▒ ..........▒
▒▒▒▒▒▒▒▒▒▒▒▒(▒▒ ▒
..▒▒▒▒▒▒▒.▒ ▒.▒▒ ▒ ▒▒▒ ▒!▒
▒..▒▒▒▒ ▒ ▒!▒ ▒<..... ▒ ▒.▒
▒▒.▒▒▒▒ ▒ ▒▒▒.▒
▒▒▒▒▒▒▒▒▒▒▒▒.▒ ▒ ▒▒▒▒...▒
▒.........▒▒.▒


You could see Rupert (berserk, poisoned).


Message History

Rupert goes berserk!
Unknown command.
You slash Rupert!
Rupert is moderately wounded.
Unknown command.
Your crystal plate armour prevents you from hitting Rupert.
Rupert is moderately wounded.
Rupert hits you but does no damage.
You hit Rupert but do no damage.
Rupert is moderately wounded.
Your crystal plate armour prevents you from hitting Rupert.
Rupert is moderately wounded.
Rupert hits you with a +2 triple sword of holy wrath.
You convulse.
You barely miss Rupert.
Rupert is moderately wounded.
Unknown command.
You hit Rupert.
Rupert is moderately wounded.
Rupert hits you with a +2 triple sword of holy wrath!!
* * * LOW HITPOINT WARNING * * *
You convulse!!
* * * LOW HITPOINT WARNING * * *
As you read the scroll of teleportation {@r4}, it crumbles to dust.
You feel strangely unstable. Rupert hits you but does no damage.
Rupert hits you with a +2 triple sword of holy wrath!!
* * * LOW HITPOINT WARNING * * *
You convulse!
You die...

Action                   |  1- 3 |  4- 6 |  7- 9 | 10-12 | 13-15 || total
-------------------------+-------+-------+-------+-------+-------++-------
Melee: Hand axe          |   126 |   105 |       |       |       ||   231
       War axe           |       |    21 |   180 |   279 |       ||   480
       Punch             |       |       |       |     7 |       ||     7
       Battleaxe         |       |       |       |   108 |   381 ||   489
       Dire flail        |       |       |       |       |    64 ||    64
Throw: Dart              |       |       |     4 |    14 |     7 ||    25
Invok: Heroism           |       |       |     5 |    23 |    25 ||    53
       Finesse           |       |       |       |     2 |     6 ||     8
Evoke: Wand              |       |       |       |     1 |     2 ||     3
       Condenser vane    |       |       |       |     1 |       ||     1
  Use: Scroll            |     1 |     5 |     5 |     8 |     5 ||    24
 Stab: Distracted        |       |       |     4 |    10 |     4 ||    18
Armor: Ring mail         |    63 |    72 |    32 |       |       ||   167
       Chain mail        |       |       |    71 |       |       ||    71
       Scale mail        |       |       |       |   139 |       ||   139
       Crystal plate arm |       |       |       |    83 |   363 ||   446
Dodge: Dodged            |    68 |    80 |    61 |   150 |    84 ||   443

Levels and vault maps discovered:
D:1:      dpeg_arrival_oval, layout_basic
D:2:      cheibrodos_helix_gallery, layout_loops_corners, uniq_sigmund
D:3:      layout_basic, shapermc_ecumenical_altar_mp_urbaneastern
D:4:      layout_layer_cave, serial_shops, shop, kennysheep_doodads, hex_tiny,
          hangedman_glass_teeth, uniq_duvessa
D:5:      layout_loops_ring, fedhas_altar_4, nicolae_hepliaklqana_hippocampus,
          minmay_temple_entry_junction
D:6:      layout_loops_corners, ashenzari_altar_1, enter_ossuary_4,
          corexii_shack, minmay_curled_crystal,
          minmay_fractal_squares_diagonal_5, uniq_grinder
D:7:      layout_basic, overflow_temple_1_default, serial_corexii_hall,
          corexii_hall_statues_t, corexii_hall_statues_deadend
D:8:      minmay_the_grid_plus [minmay_the_grid_gridbox,
          minmay_the_grid_odd_star, minmay_the_grid_box_x,
          minmay_the_grid_outer_diamond, minmay_the_grid_prize_diamond_cup],
          layout_gridville, grunt_temple_overflow_open, uniq_psyche,
          uniq_maurice, uniq_joseph
D:9:      layout_long_grid, gammafunk_ghost_grave
D:10:     layout_roguey
D:11:     layout_roguey, due_lair_maze_entry_diamond, enter_bailey_3
D:12:     layout_loops_ring, orc_0_dummy, uniq_jorgrun, uniq_rupert,
          uniq_frances
Temple:   regret_index_temple_sphere_string
Lair:1:   layout_cave_pods, lemuel_fruit_tree, grunt_megastairs_5,
          serial_bayou_shore_a, uniq_prince_ribbit2
Lair:2:   layout_regular_city, swamp_mist, ebering_ghost_reflecting_pool,
          uniq_sonja
Lair:3:   layout_hall_layers, dummy_spider_entry
Lair:4:   layout_regular_city
Lair:5:   nzn_winding_woodlands_large [nzn_winding_woodlands_5x5_open_star,
          nzn_winding_woodlands_5x15_parted, nzn_winding_woodlands_5x5_cross,
          nzn_winding_woodlands_center_pierced_h,
          nzn_winding_woodlands_15x15_thick_spiral,
          nzn_winding_woodlands_center_lodge, nzn_winding_woodlands_5x5_three,
          nzn_winding_woodlands_5x15_pathside_ponds,
          nzn_winding_woodlands_5x5_checkerboard], layout_misc_corridors,
          dpeg_slime_entry_enclosed_altar
Lair:6:   cheibrodos_lair_end_hotspot, layout_cave_pods,
          chequers_serial_rivers_small_b, chequers_serial_rivers_room_a

Notes
Turn   | Place    | Note
-------+----------+-------------------------------------------
     0 | D:1      | sanka the Mummy Wanderer began the quest for the Orb.
     0 | D:1      | sanka set off with the following items: a +2 hand axe, a
                  | scroll of teleportation {@r4}, a +0 ring mail
     0 | D:1      | Reached XP level 1. HP: 15/15 MP: 1/1
   401 | D:1      | Reached skill level 3 in Axes
   401 | D:1      | Reached XP level 2. HP: 18/21 MP: 2/2
   840 | D:1      | Reached XP level 3. HP: 24/26 MP: 3/3
  1200 | D:2      | Noticed Sigmund
  1456 | D:2      | Reached skill level 4 in Axes
  2445 | D:3      | Reached XP level 4. HP: 27/32 MP: 4/4
  2849 | D:3      | Found a faded altar of an unknown god.
  3837 | D:3      | Reached skill level 2 in Fighting
  3837 | D:3      | Reached XP level 5. HP: 16/38 MP: 5/5
  3852 | D:3      | HP: 3/38 [orc priest/divine providence (15)]
  4665 | D:4      | Noticed Dowan
  4666 | D:4      | Noticed Duvessa
  4677 | D:4      | Noticed a black bear
  4740 | D:4      | Killed a black bear
  4741 | D:4      | Reached skill level 3 in Fighting
  4746 | D:4      | Reached XP level 6. HP: 9/47 MP: 6/6
  4746 | D:4      | HP: 1/47 [Duvessa/+0 short sword (5)]
  4747 | D:4      | Killed Duvessa
  4748 | D:4      | Reached skill level 5 in Axes
  4748 | D:4      | Killed Dowan
  4749 | D:4      | Reached skill level 4 in Fighting
  5424 | D:4      | Found Borocyok's Distillery.
  5886 | D:5      | Entered Level 5 of the Dungeon
  5951 | D:5      | Reached XP level 7. HP: 29/55 MP: 7/7
  5955 | D:5      | Reached skill level 5 in Fighting
  6219 | D:5      | Found a staircase to the Ecumenical Temple.
  6228 | D:5      | Reached skill level 6 in Axes
  6235 | Temple   | Entered the Ecumenical Temple
  6439 | Temple   | Became a worshipper of Warmaster Okawaru
  6778 | D:5      | Reached XP level 8. HP: 62/62 MP: 8/8
  6793 | D:5      | Found a blossoming altar of Fedhas.
  6967 | D:5      | Reached skill level 7 in Axes
  7264 | D:5      | Found a hazy altar of Hepliaklqana.
  7402 | D:6      | Reached * piety under Okawaru
  7519 | D:6      | Identified a scroll of acquirement
  7520 | D:6      | Acquired the amulet of Dishonour {Acrobat Stlth+}
  7594 | D:6      | Found a sand-covered staircase.
  7604 | Ossuary  | Entered an ossuary
  7654 | Ossuary  | Reached skill level 1 in Invocations
  8347 | D:6      | Identified the Disquisition on Cold and Darkness
  8381 | D:6      | Reached skill level 2 in Invocations
  8420 | D:6      | Found a broken altar of Ashenzari.
  8433 | D:6      | Reached skill level 8 in Axes
  8597 | D:6      | Noticed Grinder
  8614 | D:6      | Paralysed by Grinder for 2 turns
  8620 | D:6      | Killed Grinder
  8621 | D:6      | Reached skill level 3 in Invocations
  8943 | D:7      | Reached ** piety under Okawaru
  8944 | D:7      | Reached skill level 4 in Invocations
  8944 | D:7      | Reached XP level 9. HP: 46/68 MP: 8/12
  9064 | D:7      | Identified +0 steam dragon scales
  9159 | D:7      | Found a sacrificial altar of Ru.
  9276 | D:7      | Reached skill level 9 in Axes
  9907 | D:8      | Noticed an orc knight
  9908 | D:8      | Found the +5 scythe "Finisher" {speed, eviscerate}
  9937 | D:8      | Killed an orc knight
  9938 | D:8      | Reached skill level 10 in Axes
  9975 | D:8      | Noticed a wizard
 10075 | D:8      | Killed a wizard
 10075 | D:8      | Reached *** piety under Okawaru
 10093 | D:8      | Identified +0 steam dragon scales
 10101 | D:8      | Reached XP level 10. HP: 44/74 MP: 11/13
 10267 | D:8      | Identified the +0 pair of gloves of Buurheff {+Inv Int-3
                  | SInv}
 10285 | D:8      | Identified +2 steam dragon scales
 10287 | D:8      | Identified the +5 scale mail of Qunlakk {rN+ Stlth+}
 10376 | D:8      | Found a shimmering blue altar of Sif Muna.
 10382 | D:8      | Noticed a green ugly thing
 10399 | D:8      | Killed a green ugly thing
 10399 | D:8      | Reached **** piety under Okawaru
 10400 | D:8      | Reached skill level 1 in Evocations
 10447 | D:8      | Noticed Joseph
 10455 | D:8      | Killed Joseph
 10456 | D:8      | Reached skill level 2 in Armour
 10456 | D:8      | Reached skill level 2 in Dodging
 10558 | D:8      | Noticed Maurice
 10571 | D:8      | Killed Maurice
 10603 | D:8      | Found a basalt altar of Yredelemnul.
 10606 | D:8      | Reached skill level 2 in Evocations
 10709 | D:8      | Noticed Psyche
 10719 | D:8      | Reached skill level 6 in Fighting
 10725 | D:8      | Killed Psyche
 10814 | D:8      | Reached ***** piety under Okawaru
 10831 | D:8      | Reached skill level 3 in Armour
 10926 | D:8      | Reached skill level 3 in Dodging
 11405 | D:9      | Noticed a manticore
 11414 | D:9      | Killed a manticore
 11415 | D:9      | Reached skill level 3 in Evocations
 11699 | D:9      | Found a runed translucent door.
 11708 | D:9      | Noticed Killmatronix's ghost (novice DgHu)
 11720 | D:9      | Killed Killmatronix's ghost
 11738 | D:9      | Noticed a two-headed ogre
 11757 | D:9      | Killed a two-headed ogre
 11757 | D:9      | Received a gift from Okawaru
 11758 | D:9      | Reached XP level 11. HP: 72/83 MP: 11/14
 11835 | D:9      | Reached skill level 7 in Fighting
 11837 | D:9      | Reached skill level 4 in Armour
 11837 | D:9      | Reached skill level 4 in Dodging
 11931 | D:9      | Reached skill level 4 in Evocations
 12177 | D:9      | Identified +0 acid dragon scales
 12415 | D:10     | Entered Level 10 of the Dungeon
 12680 | D:10     | Noticed a centaur warrior
 12703 | D:10     | Killed a centaur warrior
 13261 | D:11     | Noticed a two-headed ogre
 13269 | D:11     | Killed a two-headed ogre
 13343 | D:11     | Noticed a two-headed ogre
 13356 | D:11     | Killed a two-headed ogre
 13357 | D:11     | Reached skill level 5 in Armour
 13357 | D:11     | Reached skill level 5 in Dodging
 13360 | D:11     | Reached skill level 8 in Fighting
 13422 | D:11     | Reached skill level 5 in Evocations
 13458 | D:11     | Reached skill level 5 in Invocations
 13459 | D:11     | Found a flagged portal.
 13525 | Bailey   | Entered a bailey
 13700 | Bailey   | Noticed an orc knight
 13728 | Bailey   | Identified a +1 crystal plate armour (Okawaru gifted it to
                  | you in a bailey)
 13728 | Bailey   | Received a gift from Okawaru
 13735 | Bailey   | Killed an orc knight
 13816 | Bailey   | Noticed an orc knight
 13827 | Bailey   | Killed an orc knight
 13971 | Bailey   | Noticed an orc knight
 13973 | Bailey   | Noticed an orc knight
 13997 | Bailey   | Killed an orc knight
 13998 | Bailey   | Reached XP level 12. HP: 79/94 MP: 13/15
 14064 | Bailey   | Identified the +4 arbalest of Vusawuot {venom, Will+}
 14152 | Bailey   | Noticed an orc warlord
 14167 | Bailey   | Killed an orc warlord
 14782 | D:11     | Reached skill level 11 in Axes
 14782 | D:11     | Found a staircase to the Lair.
 14936 | D:11     | Noticed a two-headed ogre
 14944 | D:11     | Killed a two-headed ogre
 15020 | D:11     | Noticed a two-headed ogre
 15023 | D:11     | Killed a two-headed ogre
 15024 | D:11     | Reached skill level 6 in Dodging
 15283 | Lair:1   | Entered Level 1 of the Lair of Beasts
 15309 | Lair:1   | Noticed Prince Ribbit
 15333 | Lair:1   | Reached skill level 6 in Armour
 15333 | Lair:1   | Killed Prince Ribbit
 15334 | Lair:1   | Reached skill level 6 in Invocations
 15433 | Lair:1   | Reached skill level 9 in Fighting
 15439 | Lair:1   | Identified the +1 leather armour of Dyspraxia {rPois rF+
                  | rCorr Int+3}
 15549 | Lair:1   | Reached skill level 6 in Evocations
 15672 | Lair:1   | Identified the +1 chain mail "Oluk" {Harm Regen+ rCorr}
                  | (Okawaru gifted it to you on level 1 of the Lair of Beasts)
 15672 | Lair:1   | Received a gift from Okawaru
 16469 | Lair:2   | Noticed Sonja
 16478 | Lair:2   | Killed Sonja
 16665 | Lair:2   | Found a staircase to the Swamp.
 16853 | Lair:2   | Found a runed translucent door.
 16854 | Lair:2   | Noticed Xaifossi's ghost (journeyman GrEE)
 16866 | Lair:2   | Killed Xaifossi's ghost
 17361 | Lair:3   | Gained mutation: You are in touch with the powers of death.
                  | [Mummy growth]
 17361 | Lair:3   | Reached XP level 13. HP: 88/101 MP: 17/17
 17715 | Lair:3   | Found a hole to the Spider Nest.
 19357 | Lair:4   | Identified the +1 robe of Oblivion {Int+2 SInv Stlth-}
                  | (Okawaru gifted it to you on level 4 of the Lair of Beasts)
 19357 | Lair:4   | Received a gift from Okawaru
 19358 | Lair:4   | Reached skill level 12 in Axes
 19421 | Lair:5   | Reached skill level 7 in Invocations
 19426 | Lair:5   | Reached skill level 7 in Armour
 19735 | Lair:5   | Reached skill level 7 in Evocations
 19961 | Lair:5   | Reached skill level 10 in Fighting
 20609 | Lair:5   | Found a viscous altar of Jiyva.
 20609 | Lair:5   | Found a staircase to the Slime Pits.
 20831 | Lair:5   | Received a gift from Okawaru
 20832 | Lair:5   | Found the +8 Wrath of Trog {antimagic, *Rage}
 22015 | Lair:5   | Reached XP level 14. HP: 110/110 MP: 19/19
 22258 | Lair:5   | Reached skill level 8 in Invocations
 22260 | Lair:5   | Identified the +3 pair of boots of the Hunter {rF+ Dex+3}
                  | (Okawaru gifted it to you on level 5 of the Lair of Beasts)
 22260 | Lair:5   | Received a gift from Okawaru
 22741 | Lair:5   | Reached skill level 13 in Axes
 23016 | Lair:6   | Entered Level 6 of the Lair of Beasts
 23053 | Lair:6   | Reached skill level 8 in Armour
 23062 | Lair:6   | Reached skill level 8 in Evocations
 24188 | Lair:6   | Received a gift from Okawaru
 24429 | Lair:6   | Reached skill level 9 in Invocations
 24777 | Lair:6   | Found a large runed translucent door.
 24777 | Lair:6   | Found a large runed translucent door.
 26589 | D:2      | Killed Sigmund
 26886 | D:12     | Found a staircase to the Orcish Mines.
 26886 | D:12     | Noticed Rupert
 27318 | D:12     | Noticed Jorgrun
 27328 | D:12     | Killed Jorgrun
 27328 | D:12     | Received a gift from Okawaru
 27581 | D:12     | Noticed Frances
 27602 | D:12     | Killed Frances
 27603 | D:12     | Reached skill level 14 in Axes
 27603 | D:12     | Reached skill level 9 in Armour
 28231 | D:12     | Paralysed by Rupert for 2 turns
 28292 | D:12     | Paralysed by Rupert for 7 turns
 28311 | D:12     | HP: 3/110 [Rupert/+2 triple sword of holy wrath (19)]
 28311 | D:12     | Mangled by Rupert

Vanquished Creatures
  Jorgrun (D:12)
  Frances (D:12)
  An orc warlord (Bailey)
  A fire dragon (Lair:6)
  The ghost of Xaifossi the Earth Mage, a journeyman GrEE of Vehumet (Lair:2)
  5 boulder beetles
  8 hydras
  An anaconda (Lair:5)
  A centaur warrior (D:10)
  A catoblepas (Lair:5)
  5 two-headed ogres
  9 death yaks
  The ghost of Killmatronix the Caller, a novice DgHu (D:9)
  Sonja (Lair:2)
  A lindwurm (Lair:6)
  A wizard (D:8)
  5 orc knights
  An oklob plant (Lair:4)
  An ugly thing (D:8)
  A wolf spider (Lair:5)
  3 manticores
  A cyclops (D:11)
  Maurice (D:8)
  3 molten gargoyles (Lair:6)
  9 elephants (Lair:5)
  Joseph (D:8)
  6 black mambas
  3 torpor snails
  A gargoyle (D:10)
  Psyche (D:8)
  12 cane toads
  14 komodo dragons
  2 rime drakes
  2 polar bears
  Grinder (D:6)
  2 hornets
  Prince Ribbit (Lair:1)
  13 blink frogs
  9 dream sheep
  Sigmund (D:2)
  A shadow (D:7)
  7 basilisks
  A vampire (D:12)
  3 wraiths
  2 wyverns
  42 yaks
  2 steam dragons
  Duvessa (D:4)
  16 water moccasins
  3 hell hounds (Lair:6)
  2 acid dragons
  A sky beast (D:7)
  3 ice beasts
  6 orc warriors (Bailey)
  An ogre (D:5)
  2 necrophages
  9 black bears
  9 centaurs
  2 kobold brigands
  12 bullfrogs
  2 gnoll sergeants
  A scorpion (D:6)
  2 wyvern zombies
  Dowan (D:4)
  A water moccasin zombie (D:7)
  A water moccasin skeleton (D:5)
  3 killer bees (D:8)
  4 wights (D:8)
  2 howler monkeys (D:11)
  A bullfrog zombie (D:7)
  6 centaur zombies
  5 lava snakes (Lair:6)
  An orc priest (D:3)
  2 bullfrog skeletons
  A gnoll shaman (D:5)
  2 hounds
  3 jellies
  3 iguanas
  3 orc wizards
  8 mummies (Ossuary)
  2 howler monkey zombies
  7 adders
  21 gnolls
  3 white imps
  A worm (D:4)
  6 dart slugs
  26 orcs
  5 ball pythons
  4 endoplasms
  3 giant cockroaches
  26 hobgoblins
  3 jackals
  17 kobolds
  4 quokkas
  4 bats
  3 frilled lizards (D:1)
  27 goblins
  4 hobgoblin zombies (Ossuary)
  4 orc zombies (Ossuary)
  A quokka zombie (D:6)
  9 rats
  A rat zombie (D:6)
491 creatures vanquished.

Vanquished Creatures (others)
  63 fungi
  68 plants
131 creatures vanquished.

Grand Total: 622 creatures vanquished
